Description

I threw some other builds together, adapted and streamlined for my taste. Seems like a decent early agressive opening with a decent eco in the back, attacking group is meant to leave at 3:00 to arrive around 3:30.

Build Order

Get SALT Encoding   

  12  0:02  Drone  
  13  0:17  Overlord  
  13  0:23  Drone  
  14  1:00  Hatchery  
  14  1:04  Drone  
  14  1:11  Drone  
  14  1:16  Drone  
  16  1:25  Extractor  
  15  1:43  Spawning Pool  
  15  1:47  Drone  
  15  1:53  Drone  
  15  1:59  Drone  
  17  2:07  Drone  
  18  2:20  Drone  
  19  2:35  Overlord  
  19  2:50  Zergling x4  
  19  2:53  Queen  
  19  2:56  Zergling x2  
Spawning Tool Build Advisor. Get it on Overwolf

Analysis

After this I'd transition to Hydra's and/or Roaches.

Go to:

Details

  • Created by: Vanroyan
  • Published on: Jan 22, 2021
  • Modified on: Jan 22, 2021
  • Patch: 4.11.0
  • Difficulty: Easy
Show
View Real Time Build Order
Export as new Build Order

Comments (0)

There are no comments. Be the first!

Create an account to comment!